Map: Cyber Forest LE

Players

Clem

  • Race: Terran Terran
  • Spawn Location: 11:00

Namshar - Winner!

  • Race: Zerg Zerg
  • Spawn Location: 5:00

Event: IEM Season 13: Katowice (2019)

VOD

Have the link to the VOD?

Description

Time

  • Played on: Feb. 25, 2019, 7:37 a.m.
  • Length: 20:31

All games in this series

Show
View Real Time Build Order
Export as new Build Order

Clem Terran 

Build Orders: Gas First Reaper Expand, Liberator Opening 

Get SALT Encoding   

  12  0:00  SCV  
  13  0:12  SCV  
  14  0:17  Supply Depot  
  14  0:24  SCV  
  15  0:30  Refinery  
  15  0:39  SCV  
  16  0:45  Barracks  
  16  0:51  SCV  
  17  1:03  SCV  
  18  1:16  SCV  
  19  1:32  Orbital Command, Reaper  
  20  1:43  Command Center  
  20  1:54  Factory  
  20  1:58  SCV  
  21  2:07  Supply Depot  
  21  2:09  Barracks Reactor  
  21  2:13  SCV  
  22  2:18  Refinery  
  22  2:25  SCV  
  23  2:38  SCV  
  24  2:48  Starport  
  24  2:51  SCV  
  25  2:53  Hellion x2  
  25  2:58  Orbital Command  
  29  3:03  Marine, SCV  
  31  3:09  Liberator  
  31  3:14  Hellion x2  
  35  3:20  SCV  
  35  3:21  Marine  
  40  3:30  SCV  
  41  3:35  Supply Depot  
  41  3:37  SCV  
  42  3:42  SCV  
  42  3:43  Hellion  
  42  3:45  Hellion  
  46  3:50  Barracks Tech Lab  
  46  3:52  Liberator  
  46  3:56  SCV  
  46  3:58  Supply Depot  
  46  3:59  SCV  
  48  4:08  SCV  
  52  4:11  SCV  
  53  4:20  SCV, Hellion x2  
  53  4:21  Supply Depot  
  53  4:23  SCV  
  59  4:31  Command Center  
  59  4:37  Stimpack  
  60  4:38  SCV x2  
  60  4:39  Marine  
  62  4:50  SCV x2  
  62  4:54  Starport Reactor  
  56  5:02  Engineering Bay, SCV x2  
  56  5:03  Engineering Bay, Factory Tech Lab  
  56  5:06  Barracks  
  54  5:09  Marine, Barracks  
  52  5:14  SCV  
  52  5:15  SCV  
  52  5:18  Refinery x2  
  54  5:23  Siege Tank  
  54  5:27  Marine, SCV x2  
  57  5:39  SCV x2  
  57  5:41  Terran Infantry Armor Level 1, Terran Infantry Weapons Level 1  
  55  5:43  Starport Reactor, Orbital Command  
  55  5:47  Marine  
  56  5:51  SCV x2  
  56  5:52  Marine x2  
  56  5:55  Siege Tank  
  63  6:03  SCV x2  
  65  6:04  Marine  
  65  6:05  Marine x2, Orbital Command  
  65  6:10  Marine  
  69  6:14  Marine, Armory  
  69  6:15  SCV x2  
  72  6:20  Barracks  
  72  6:21  Medivac  
  72  6:22  Marine, Barracks  
  72  6:23  Medivac  
  72  6:25  Marine x2  
  79  6:29  SCV  
  80  6:34  SCV x2  
  80  6:36  Siege Tank  
  80  6:37  Supply Depot  
  85  6:50  Combat Shield  
  85  6:52  Supply Depot  
  85  6:56  Supply Depot  
  85  6:58  Marine x5, SCV x3  
  85  7:00  Supply Depot  
  93  7:11  Factory, Refinery x2  
  93  7:13  Barracks Reactor x2  
  93  7:14  SCV x2, Medivac x2  
  99  7:19  Marine  
  101  7:22  SCV  
  101  7:23  Marine x3  
  101  7:24  Siege Tank  
  101  7:26  SCV  
  101  7:27  SCV  
  109  7:31  Supply Depot  
  109  7:35  SCV, Command Center  
  110  7:38  Marine x2, SCV  
  110  7:41  Marine  
  110  7:43  Terran Infantry Weapons Level 2  
  114  7:44  Supply Depot  
  114  7:48  Terran Infantry Armor Level 2  
  114  7:49  Marine  
  114  7:50  SCV  
  116  7:54  Marine x2  
  116  7:56  Factory Tech Lab  
  116  7:57  SCV x2  
  116  7:58  Marine  
  121  8:00  Marine x2  
  121  8:02  Marine, SCV  
  125  8:06  Marine x2  
  125  8:07  Marine  
  125  8:09  SCV  
  125  8:12  Marine  
  130  8:13  Marine  
  130  8:16  Terran Vehicle Weapons Level 1  
  130  8:18  Supply Depot  
  131  8:21  Supply Depot  
  131  8:23  Medivac  
  131  8:24  Siege Tank x2  
  139  8:29  Marine x2  
  139  8:33  Marine  
  141  8:39  Marine x3, Medivac  
  144  8:47  Marine x4  
  144  8:48  Marine  
  128  8:50  Marine  
  128  8:52  SCV x2  
  128  8:53  SCV  
  130  8:57  Marine  
  130  9:01  Siege Tank x2  
  137  9:03  Supply Depot x2  
  137  9:04  SCV  
  137  9:11  Medivac x2  
  137  9:12  Barracks, Concussive Shells  
  137  9:13  Sensor Tower, Barracks  
  137  9:14  Barracks  
  141  9:17  Planetary Fortress  
  141  9:21  SCV x2  
  143  9:25  Marine x3  
  145  9:34  Siege Tank  
  145  9:35  Marine  
  149  9:39  Marine x2  
  149  9:40  Marine x2, Marauder  
  149  9:41  Medivac x2  
  149  9:43  Marine x2  
  161  9:53  Siege Tank  
  161  9:55  Supply Depot x2  
  161  9:56  SCV  
  161  9:57  Refinery x2  
  165  10:00  SCV x2  
  165  10:01  Command Center  
  165  10:06  Terran Infantry Weapons Level 3  
  167  10:15  Terran Infantry Armor Level 3  
  167  10:20  Marine  
  167  10:21  Marauder  
  170  10:24  Siege Tank  
  170  10:25  Barracks Tech Lab x3  
  170  10:27  Marine x2  
  175  10:30  Marine  
  175  10:41  Supply Depot, Missile Turret  
  174  10:45  Ghost Academy, Terran Vehicle And Ship Armor Level 1  
  174  10:58  Siege Tank x2  
  177  11:06  Command Center  
  176  11:14  Ghost x4  
  176  11:15  Marine x3  
  187  11:21  Command Center  
  187  11:23  Liberator  
  187  11:25  SCV  
  187  11:28  Refinery  
  187  11:31  Siege Tank, Refinery  
  175  11:43  Siege Tank  
  175  11:44  Marine x2, Marauder  
  175  11:46  Marine x3  
  178  11:49  Marine x3  
  178  11:50  Marine  
  178  11:52  Marauder  
  178  11:53  Ghost  
  171  11:54  SCV  
  171  11:55  SCV  
  171  12:00  Planetary Fortress  
  173  12:01  SCV  
  173  12:02  Marine x2  
  173  12:03  Siege Tank  
  173  12:04  Marine x2  
  180  12:14  SCV x2  
  180  12:15  Siege Tank  
  185  12:19  Starport  
  185  12:20  Starport  
  185  12:23  SCV  
  185  12:25  Orbital Command  
  186  12:31  Sensor Tower  
  186  12:34  Liberator  
  186  12:35  Siege Tank  
  189  12:37  Ghost  
  176  12:47  Siege Tank, SCV  
  160  12:52  Marine x4, Ghost x2, Marauder  
  160  12:53  Marine  
  160  12:58  Orbital Command  
  172  13:00  SCV x3  
  165  13:13  Ghost  
  165  13:19  Ghost  
  169  13:20  Starport Reactor, Ghost, Starport Tech Lab  
  169  13:22  Fusion Core  
  169  13:23  SCV  
  169  13:24  SCV x2  
  174  13:27  Marine  
  174  13:28  Command Center  
  172  13:37  Ghost  
  172  13:38  Liberator  
  172  13:39  Liberator  
  174  13:46  Ghost  
  174  13:47  Ghost  
  178  13:49  Ghost  
  178  13:55  Siege Tank, Cyclone  
  180  14:01  Missile Turret  
  189  14:17  Orbital Command, Personal Cloaking  
  192  14:24  SCV x3  
  179  14:25  SCV x3  
  179  14:27  Siege Tank  
  165  14:31  Marine, Ghost  
  165  14:32  Marine  
  165  14:36  SCV x2  
  165  14:37  SCV x2  
  165  14:38  Liberator x2  
  165  14:43  Ghost, SCV, Starport Tech Lab  
  165  14:44  Marine x2  
  171  14:48  Liberator  
  171  14:51  SCV x3  
  173  14:57  Marine, Ghost, Siege Tank  
  189  15:15  SCV x2  
  189  15:21  Liberator  
  172  15:24  SCV x2  
  172  15:26  Siege Tank  
  163  15:28  SCV  
  163  15:29  Orbital Command  
  163  15:31  Liberator  
  163  15:33  Marine, Ghost  
  157  15:38  Ghost  
  157  15:39  Marine x2  
  157  15:42  Nuke  
  157  15:43  SCV  
  157  15:48  Ghost, SCV, Starport Tech Lab  
  157  15:49  Marine x6  
  169  16:01  Ghost  
  153  16:07  Ghost x2  
  153  16:10  Marine x2  
  157  16:14  Marine x4  
  157  16:15  Marine x2  
  157  16:17  Ghost  
  157  16:18  Advanced Ballistics  
  165  16:19  SCV x2  
  165  16:21  Viking  
  169  16:26  Refinery  
  169  16:27  Marine x2  
  169  16:28  Refinery  
  169  16:30  Ghost  
  169  16:31  Viking  
  169  16:32  Marine x2  
  177  16:35  Ghost, SCV  
  177  16:36  Ghost  
  177  16:38  SCV  
  177  16:39  SCV  
  176  16:40  Marine x3  
  176  16:45  Ghost  
  179  16:51  Marine  
  179  16:52  SCV x2  
  182  16:58  Ghost  
  184  17:07  Refinery  
  184  17:08  Siege Tank x2, Refinery  
  185  17:18  Ghost  
  185  17:19  SCV x2  
  185  17:21  Ghost  
  183  17:24  Ghost  
  183  17:25  Marine  
  183  17:26  SCV x2  
  183  17:27  Ghost, SCV  
  183  17:28  SCV  
  185  17:33  Marine  
  185  17:35  Marine  
  185  17:36  Liberator x2  
  187  17:39  SCV  
  187  17:41  SCV  
  188  17:45  SCV  
  188  17:46  Ghost  
  188  17:49  SCV x2  
  197  18:02  Viking  
  188  18:06  Marine, Ghost  
  188  18:07  Marine  
  188  18:12  Marine, Ghost  
  190  18:14  Ghost  
  190  18:15  Ghost  
  195  18:23  Marine x2  
  195  18:24  SCV x2  
  194  18:27  Marine x3  
  194  18:32  Viking  
  192  18:34  Ghost  
  192  18:40  Ghost  
  196  18:43  Ghost  
  196  18:47  Ghost  
  195  18:56  Viking x2  
  195  19:02  Viking  
  196  19:03  Ghost  
  196  19:09  Ghost  
  172  19:26  Ghost, Viking x2  
  178  19:32  Viking  
  178  19:34  Ghost x2  
  178  19:37  Ghost  
  178  19:38  Marine  
  185  19:43  Marine x2  
  185  19:44  Marine x2  
  182  19:50  Starport  
  182  19:59  Refinery  
  180  20:00  Refinery  
  183  20:12  Marine  
Show
View Real Time Build Order
Export as new Build Order

Namshar Zerg - Winner!

Build Orders: Hatch First 

Get SALT Encoding   

  12  0:00  Drone  
  13  0:12  Overlord  
  13  0:16  Drone  
  14  0:30  Drone x2  
  16  0:47  Hatchery  
  15  0:51  Drone  
  15  0:55  Drone  
  17  0:57  Drone  
  18  1:08  Extractor  
  17  1:13  Spawning Pool  
  17  1:17  Drone  
  17  1:20  Drone  
  18  1:28  Drone  
  19  1:38  Drone  
  20  1:49  Drone  
  21  1:59  Queen  
  21  2:00  Queen, Zergling x2  
  21  2:01  Zergling x2  
  27  2:10  Drone  
  27  2:11  Overlord  
  28  2:23  Hatchery  
  28  2:26  Drone  
  28  2:33  Drone  
  29  2:38  Queen  
  31  2:45  Metabolic Boost  
  31  2:46  Drone  
  31  2:48  Overlord  
  32  2:51  Drone  
  32  2:53  Drone  
  32  2:58  Overlord  
  34  3:01  Drone  
  35  3:09  Drone x4  
  39  3:16  Queen  
  41  3:22  Drone  
  41  3:23  Drone  
  41  3:25  Queen  
  45  3:27  Drone  
  45  3:29  Drone  
  47  3:35  Drone  
  48  3:43  Baneling Nest  
  48  3:44  Drone  
  48  3:48  Queen  
  48  3:49  Drone x2  
  48  3:50  Overlord  
  48  3:52  Zergling x2  
  48  3:55  Zergling x2  
  54  3:56  Zergling x2  
  54  3:59  Drone  
  56  4:03  Drone  
  56  4:06  Overlord  
  56  4:08  Drone  
  58  4:11  Overlord x2  
  58  4:25  Overlord  
  58  4:26  Drone x4  
  62  4:32  Zergling x4  
  62  4:34  Spore Crawler  
  62  4:35  Drone, Spore Crawler  
  62  4:36  Spore Crawler  
  62  4:39  Zergling x4  
  62  4:43  Zergling x4  
  64  4:48  Zergling x2  
  64  4:49  Zergling x2  
  64  4:51  Evolution Chamber  
  57  4:57  Drone  
  57  4:58  Drone x5  
  61  5:02  Drone  
  61  5:03  Drone x2  
  64  5:07  Drone  
  64  5:08  Drone  
  64  5:14  Drone  
  67  5:19  Drone  
  67  5:20  Drone  
  69  5:21  Lair  
  69  5:24  Evolution Chamber  
  69  5:28  Drone x3  
  69  5:36  Drone x3  
  69  5:39  Drone  
  69  5:40  Drone x3  
  69  5:42  Extractor  
  75  5:43  Extractor  
  75  5:44  Drone x2  
  76  5:50  Zerg Ground Armor Level 1  
  76  5:53  Evolution Chamber  
  76  5:56  Hatchery  
  74  6:05  Drone, Overlord  
  74  6:06  Drone x6  
  81  6:17  Extractor, Overlord  
  80  6:18  Extractor  
  80  6:20  Drone x2  
  80  6:21  Drone x2  
  80  6:23  Drone  
  80  6:24  Drone  
  84  6:26  Zergling x4  
  84  6:28  Drone x5  
  84  6:32  Extractor, Zerg Melee Weapons Level 1  
  90  6:34  Hydralisk Den  
  89  6:41  Zergling x12  
  89  6:45  Centrifical Hooks  
  95  6:52  Drone x2  
  97  6:56  Drone x2  
  97  6:57  Overlord  
  97  6:58  Overlord  
  97  6:59  Baneling  
  97  7:00  Baneling x5  
  100  7:01  Zergling x6  
  100  7:02  Zergling x4  
  104  7:11  Drone x5  
  104  7:14  Muscular Augments, Drone  
  104  7:15  Infestation Pit  
  109  7:16  Zergling x4  
  109  7:29  Overlord x4  
  109  7:31  Drone  
  109  7:32  Queen, Hatchery  
  109  7:33  Baneling x2  
  109  7:34  Baneling, Zergling x2  
  112  7:43  Hydralisk  
  112  7:44  Hydralisk x4  
  120  7:54  Hydralisk x6  
  132  8:02  Zerg Ground Armor Level 2  
  132  8:08  Overlord x2  
  132  8:10  Drone  
  133  8:15  Overlord, Zergling x2  
  133  8:16  Zergling x22  
  145  8:26  Zergling x2  
  146  8:27  Zergling x8  
  146  8:35  Zerg Melee Weapons Level 2  
  146  8:36  Hive  
  146  8:39  Queen  
  145  8:43  Hydralisk  
  145  8:44  Zergling x12  
  151  9:02  Baneling  
  151  9:03  Baneling  
  151  9:04  Baneling x6, Overlord  
  151  9:05  Zergling x8  
  151  9:06  Zergling x18  
  164  9:19  Overlord  
  164  9:20  Hatchery  
  164  9:22  Zergling x24  
  175  9:32  Hydralisk  
  175  9:33  Zergling x22  
  175  9:36  Baneling x5  
  175  9:37  Baneling x6  
  186  9:38  Zergling x2  
  186  9:39  Zergling x6  
  188  9:58  Adrenal Glands  
  188  9:59  Drone  
  189  10:00  Spire, Viper x2  
  189  10:01  Zergling x2  
  189  10:02  Zergling x10  
  189  10:03  Baneling x2  
  189  10:04  Baneling x5  
  197  10:21  Baneling x5  
  197  10:22  Baneling  
  197  10:24  Zerg Ground Armor Level 3  
  197  10:25  Drone x2, Extractor  
  197  10:26  Drone x2, Extractor  
  193  10:43  Queen  
  195  10:53  Zerg Melee Weapons Level 3  
  195  10:55  Zergling x10  
  198  10:57  Hatchery  
  195  11:05  Baneling, Hatchery  
  195  11:06  Baneling x3  
  195  11:08  Zergling x4  
  195  11:09  Zergling x8  
  199  11:20  Drone  
  199  11:24  Baneling x11  
  199  11:25  Baneling  
  200  11:30  Greater Spire  
  171  11:48  Hydralisk  
  171  11:49  Zergling x12  
  171  11:50  Zergling x18  
  171  11:53  Viper  
  157  11:56  Pathogen Glands  
  157  11:59  Zergling x28  
  157  12:00  Zergling x16  
  170  12:09  Corruptor  
  170  12:10  Corruptor x3  
  170  12:12  Corruptor x3  
  184  12:23  Zergling x12  
  184  12:24  Zergling x12  
  180  12:46  Hydralisk  
  180  12:47  Zergling x12  
  180  12:55  Zerg Flyer Weapons Level 1  
  180  12:57  Spire  
  169  13:04  Drone x12  
  181  13:11  Queen x4  
  189  13:13  Zerg Missile Weapons Level 1  
  189  13:14  Brood Lord  
  189  13:15  Brood Lord x4  
  199  13:37  Hatchery  
  197  13:43  Infestor  
  197  13:48  Baneling x8  
  199  13:59  Extractor x2  
  199  14:00  Drone x3, Spore Crawler  
  199  14:01  Spore Crawler, Spine Crawler  
  194  14:12  Brood Lord x2  
  170  14:38  Zergling x6  
  170  14:39  Zergling x60  
  198  14:51  Zerg Flyer Armor Level 1, Zerg Flyer Weapons Level 2  
  198  14:57  Infestor  
  195  15:20  Corruptor x3  
  195  15:21  Corruptor x3  
  194  15:30  Infestor x2  
  194  15:33  Burrow, Pneumatized Carapace  
  194  15:34  Overseer x2  
  190  15:40  Zergling x14  
  190  15:41  Zergling x2  
  186  16:00  Zergling x18  
  186  16:03  Brood Lord  
  186  16:04  Brood Lord x5  
  194  16:21  Zerg Missile Weapons Level 2  
  194  16:31  Drone x2  
  193  16:37  Overseer x3  
  193  16:38  Overseer  
  189  16:43  Drone x2  
  189  16:46  Spore Crawler  
  190  16:47  Spine Crawler  
  189  16:54  Baneling x2  
  189  16:55  Baneling x4  
  189  17:00  Corruptor x5  
  192  17:28  Corruptor  
  192  17:29  Corruptor x8  
  200  17:41  Spore Crawler  
  200  17:42  Spore Crawler x2  
  200  17:44  Infestor x2  
  196  17:51  Brood Lord  
  197  18:04  Overseer, Zergling x2  
  197  18:05  Zergling x18  
  193  18:12  Overlord x5  
  182  18:13  Overseer x4  
  182  18:14  Overlord, Overseer x2  
  182  18:15  Overlord  
  176  18:32  Infestor x2  
  176  18:37  Zergling x20  
  176  18:38  Brood Lord, Corruptor  
  176  18:39  Corruptor  
  187  18:42  Drone  
  187  18:43  Drone x2  
  190  18:51  Brood Lord  
  182  19:24  Brood Lord x2, Corruptor  
  182  19:25  Brood Lord, Corruptor x3  
  196  19:34  Corruptor x2  
  200  19:45  Baneling x4  
  200  19:46  Baneling x5  
  199  20:04  Zergling x2  

Tags
 
Add a new tag
Caveats
  • Supply blocks, unpowered buildings, or Contaminate may cause inaccurate times.
  • Supply counts are checked every 10 seconds.